 Dungeon Crawl Stone Soup version 0.22-a0-414-gacd343e8ff (webtiles) character file.

81 Kriby the Magician (level 4, 0/38 HPs)
             Began as a Gnoll Wanderer on May 14, 2018.
             Succumbed to a worker ant's poison
             ... on level 2 of the Dungeon.
             The game lasted 00:03:51 (2207 turns).

Kriby the Magician (Gnoll Wanderer)                 Turns: 2207, Time: 00:03:51

Health: 0/38       AC:  6    Str: 13    XL:     4   Next: 42%
Magic:  11/11      EV:  6    Int: 14    God:
Gold:   106        SH: 13    Dex: 17    Spells: 13/13 levels left

rFire    . . .     SeeInvis .   e - +0 dagger
rCold    + . .     Gourm    .   n - +0 large shield
rNeg     . . .     Faith    .   b - +0 ring mail
rPois    .         Spirit   .   (no helmet)
rElec    .         Reflect  .   (no cloak)
rCorr    .         Harm     .   (no gloves)
MR       .....                  (no boots)
Stlth    +.........             (no amulet)
HPRegen  0.12/turn              h - ring of protection from cold
MPRegen  0.12/turn              (no ring)

@: lethally poisoned (0 -> -19)
A: distributed training, fangs 1, strong nose
a: no special abilities


You were on level 2 of the Dungeon.
You were near starving.

You visited 1 branch of the dungeon, and saw 2 of its levels.

You collected 106 gold pieces.

Inventory:

Hand Weapons
 c - a +0 shortbow
 e - a +0 dagger (weapon)
 l - a +0 club
Missiles
 d - 21 arrows
Armour
 a - a +0 shield
 b - a +0 ring mail (worn)
 n - a +0 large shield (worn)
Jewellery
 h - a ring of protection from cold (left hand)
Scrolls
 k - a scroll of fog {unknown}
 m - 2 scrolls of identify {unknown}
 o - a scroll of amnesia {unknown}
Potions
 g - a potion of ambrosia {unknown}
 i - a potion of haste {unknown}
 j - a potion of resistance {unknown}
Comestibles
 f - 3 rations


   Skills:
 + Level 4.6 Fighting
 + Level 1.1 Short Blades
 + Level 1.1 Long Blades
 + Level 1.1 Axes
 + Level 1.1 Maces & Flails
 + Level 1.1 Polearms
 + Level 1.1 Staves
 + Level 1.1 Slings
 + Level 2.7 Bows
 + Level 1.1 Crossbows
 + Level 1.1 Throwing
 + Level 4.6 Armour
 + Level 1.1 Dodging
 + Level 1.1 Stealth
 + Level 4.6 Shields
 + Level 1.1 Unarmed Combat
 + Level 5.0 Spellcasting
 + Level 0.8 Conjurations
 + Level 0.8 Hexes
 + Level 2.2 Charms
 + Level 0.8 Summonings
 + Level 0.8 Necromancy
 + Level 0.8 Translocations
 + Level 0.8 Transmutations
 + Level 0.8 Fire Magic
 + Level 0.8 Ice Magic
 + Level 0.8 Air Magic
 + Level 0.8 Earth Magic
 + Level 0.8 Poison Magic
 + Level 1.2 Invocations
 + Level 1.1 Evocations


You had 13 spell levels left.
You didn't know any spells.
Your spell library contained the following spells:

 Spells                   Type           Power        Failure   Level  Hunger
 Magic Dart               Conj           #...         98%         1    None
 Conjure Flame            Conj/Fire      #.......     100%        3    ###....
 Slow                     Hex            #.......     99%         2    ##.....
 Mephitic Cloud           Conj/Pois/Air  #.......     100%        3    ###....
 Blink                    Tloc           N/A          99%         2    ##.....
 Call Imp                 Summ           #.......     99%         2    ##.....


Dungeon Overview and Level Annotations

Branches:
Dungeon (2/15)

Altars:
Hepliaklqana
Kikubaaqudgha
Sif Muna
Xom


Innate Abilities, Weirdness & Mutations

Your experience applies equally to all skills.
You have very sharp teeth.
Your uncanny sense of smell can sniff out nearby items.


Message History

You hit the worker ant.
The worker ant is heavily wounded.
You feel sick. The worker ant bites you.
* * * LOW HITPOINT WARNING * * *
You are more poisoned.
The worker ant poisons you!
You hit the worker ant but do no damage.
The worker ant is heavily wounded.
* * * LOW HITPOINT WARNING * * *
You feel sick. The worker ant bites you.
* * * LOW HITPOINT WARNING * * *
You barely miss the worker ant.
The worker ant is heavily wounded.
* * * LOW HITPOINT WARNING * * *
You feel sick. You block the worker ant's attack.
The worker ant closely misses you.
You aren't carrying any items that you can evoke.
* * * LOW HITPOINT WARNING * * *
You feel sick.
You die...

####### #.##.##.# #<..# #.....#
#.##..#.######...#####.
#.....###.###.#.#..............
#..............hg.g............
#
#.....###.###.#h#..............
# #.....# #.#
#[#.######...#####. #
#########.# #.#a# #...# #
#......###.#.# #...# #
#.####.....@.# #...# #
#.#........### #...# ####
#.#.##.##### ##.## ...#
#......# #.......#
##.###.#.##.# ...hg.h....#
#.......##.# ..##.........
#####.####.# #.......###
#......# #.....#.# ########
........#


You could see a worker ant, 2 jackals and a goblin.

Vanquished Creatures
  3 adders
  2 worms (D:2)
  5 bats (D:1)
  2 giant cockroaches (D:1)
  3 goblins (D:1)
  6 hobgoblins
  14 jackals (D:1)
  4 kobolds (D:1)
  2 ball pythons (D:1)
  A frilled lizard (D:1)
  3 rats (D:1)
45 creatures vanquished.

Notes
Turn   | Place    | Note
-------+----------+-------------------------------------------
     0 | D:1      | Kriby the Gnoll Wanderer began the quest for the Orb.
     0 | D:1      | Kriby set off with: a +0 shield, a +0 ring mail, a +0 shortbow, 21 arrows, a +0 dagger, a ration
     0 | D:1      | Reached XP level 1. HP: 20/20 MP: 6/6
    57 | D:1      | Reached XP level 2. HP: 24/26 MP: 7/7
   514 | D:1      | Found a deep blue altar of Sif Muna.
   516 | D:1      | Found a deep blue altar of Sif Muna.
   516 | D:1      | Found an ancient bone altar of Kikubaaqudgha.
   553 | D:1      | Reached XP level 3. HP: 31/31 MP: 9/9
   559 | D:1      | Reached skill level 5 in Spellcasting
   574 | D:1      | Found a hazy altar of Hepliaklqana.
   574 | D:1      | Found a deep blue altar of Sif Muna.
   574 | D:1      | Found a shimmering altar of Xom.
   846 | D:1      | Reached skill level 1 in Invocations
  1127 | D:1      | Reached skill level 1 in Short Blades
  1127 | D:1      | Reached skill level 1 in Long Blades
  1127 | D:1      | Reached skill level 1 in Axes
  1127 | D:1      | Reached skill level 1 in Maces & Flails
  1127 | D:1      | Reached skill level 1 in Polearms
  1127 | D:1      | Reached skill level 1 in Staves
  1127 | D:1      | Reached skill level 1 in Slings
  1127 | D:1      | Reached skill level 1 in Crossbows
  1127 | D:1      | Reached skill level 1 in Throwing
  1127 | D:1      | Reached skill level 1 in Dodging
  1127 | D:1      | Reached skill level 1 in Stealth
  1127 | D:1      | Reached skill level 1 in Unarmed Combat
  1127 | D:1      | Reached skill level 1 in Evocations
  1379 | D:2      | Reached XP level 4. HP: 34/38 MP: 11/11
  2206 | D:2      | HP: 1/38 [poisoned by a worker ant]
  2207 | D:2      | Succumbed to a worker ant's poison

Vault maps used:
D:1:      dpeg_arrival_pits, serial_corexii_hall, corexii_hall_statues_i,
          corexii_hall_statues_deadend, hangedman_decor_points,
          doesnt_xom_only_xom
D:2:      lemuel_coloured_pillars_altar

Skill      XL: |  1  2  3 |
---------------+----------+-----
Charms         | 2 |  2.2
Spellcasting   | 5 |  5.0
Invocations    | 1 |  1.2
Short Blades   | 1 |  1.1
Long Blades    | 1 |  1.1
Axes           | 1 |  1.1
Maces & Flails | 1 |  1.1
Polearms       | 1 |  1.1
Staves         | 1 |  1.1
Slings         | 1 |  1.1
Crossbows      | 1 |  1.1
Throwing       | 1 |  1.1
Dodging        | 1 |  1.1
Stealth        | 1 |  1.1
Unarmed Combat | 1 |  1.1
Evocations     | 1 |  1.1
Fighting       | |  4.6
Bows           | |  2.7
Armour         | |  4.6
Shields        | |  4.6
Conjurations   | |  0.8
Hexes          | |  0.8
Summonings     | |  0.8
Necromancy     | |  0.8
Translocations | |  0.8
Transmutations | |  0.8
Fire Magic     | |  0.8
Ice Magic      | |  0.8
Air Magic      | |  0.8
Earth Magic    | |  0.8
Poison Magic   | |  0.8

Action                   |  1- 3 |  4- 6 || total
-------------------------+-------+-------++-------
Melee: Dagger            |   248 |    60 ||   308
       Bite              |    37 |    10 ||    47
 Fire: Shortbow          |       |     4 ||     4
  Eat: Chunk             |     2 |     1 ||     3
Armor: Ring mail         |   102 |    12 ||   114
Dodge: Dodged            |    85 |     8 ||    93
Block: Shield            |   124 |       ||   124
       Large shield      |    47 |    34 ||    81

Table legend:
 A = Spawn XP
 B = Non-spawn XP
 C = Spawn XP percentage of total XP
 D = Spawn monster count
 E = Non-spawn monster count
 F = Spawn count percentage of total count
 G = Total turns spent on level
                    A         B        C        D         E        F      G
               +---------+---------+-------+---------+---------+-------+---------
         Total |       0 |     117 |   0.0 |       0 |      45 |   0.0 |  2207
               +---------+---------+-------+---------+---------+-------+---------
           D:1 |       0 |      79 |   0.0 |       0 |      40 |   0.0 |  1426
           D:2 |       0 |      38 |   0.0 |       0 |       5 |   0.0 |   781
               +---------+---------+-------+---------+---------+-------+---------
